 Seeded DCSS version 0.30-a0-377-g5cb311bc9f (webtiles) character file.

Game seed: 12959359503278850223 (custom seed)

32 retardedninja the Conjurer (level 3, -4/26 HPs)
             Began as a Draconian Conjurer on Nov 30, 2022.
             Slain by Natasha (5 damage)
             ... on level 2 of the Dungeon.
             The game lasted 00:04:57 (1863 turns).

retardedninja the Conjurer (Draconian Conjurer)     Turns: 1863, Time: 00:04:57

Health: -4/26      AC:  5    Str: 11    XL:     3   Next: 10%
Magic:  6/6        EV: 12    Int: 18    God:
Gold:   75         SH:  0    Dex:  9    Spells: 5/6 levels left

rFire   . . .      SeeInvis .    c - +0 great mace
rCold   . . .      Faith    .    (shield currently unavailable)
rNeg    . . .      Spirit   .    (body armour unavailable)
rPois   .          Reflect  .    (helmet restricted)
rElec   .          Harm     .    (no cloak)
rCorr   .          Rampage  .    (no gloves)
Will    .....                    (no boots)
Stlth   ++........               (no amulet)
HPRegen 0.24/turn                (no ring)
MPRegen 0.10/turn                (no ring)

@: slowed, very slow
A: AC +5, unfitting armour, cold-blooded
a: no special abilities


You were on level 2 of the Dungeon.
You visited 1 branch of the dungeon, and saw 2 of its levels.

You collected 75 gold pieces.

Inventory:

Hand Weapons
 c - a +0 great mace (weapon)
Scrolls
 e - a scroll of identify {unknown}
 f - a scroll of blinking {unknown}


   Skills:
 + Level 2.1 Dodging
 + Level 2.1 Stealth
 + Level 2.2 Spellcasting
 + Level 4.2 Conjurations
 + Level 0.6 Invocations
 + Level 0.8 Evocations


You had 5 spell levels left.
You knew the following spells:

 Your Spells              Type           Power      Damage    Failure   Level
a - Magic Dart            Conj           68%        1d6       3%          1

Your spell library contained the following spells:

 Spells                   Type           Power      Damage    Failure   Level
 Searing Ray              Conj           34%        2d5       4%          2
 Dazzling Flash           Conj/Hex       18%        N/A       22%         3
 Fulminant Prism          Conj/Hex       4%         3d5       58%         4
 Iskenderun's Mystic Bla  Conj/Tloc      9%         2d4       58%         4


Dungeon Overview and Level Annotations

Branches:
Dungeon (2/15)

Altars:

Annotations:
D:2 Natasha


Innate Abilities, Weirdness & Mutations

Your plain brown scales are hard. (AC +5)
You cannot fit into any form of body armour.
You are cold-blooded and may be slowed by cold attacks.


Message History

The white imp barely misses you.
The magic dart hits Natasha.
Natasha is severely wounded.
Natasha casts a spell at you.
You feel as though you will be slow longer.
The white imp closely misses you. Natasha claws you.
You are too injured to fight recklessly!
Magic courses through your body. The white imp completely misses you.
Natasha claws you. The white imp closely misses you.
You are too injured to fight recklessly!
Natasha claws you.
You are too injured to fight recklessly!
Natasha claws you.
* * * LOW HITPOINT WARNING * * *
You are too injured to fight recklessly!
You are too injured to fight recklessly!
The white imp summons a swarm of flies.
Natasha misses you.
You are too injured to fight recklessly!
Natasha attacks as you move away! Natasha claws you.
* * * LOW HITPOINT WARNING * * *
The white imp shouts, "Scamper hence, thou warped fob-snatching yak-dropping!"
The white imp closely misses you.
It was a potion of curing.
You feel better.
The white imp disappears in a puff of smoke!
Natasha barely misses you.
Natasha stares at you and mumbles some strange words.
You feel as though you will be slow longer.
You closely miss Natasha.
Natasha is heavily wounded.
Natasha wildly gestures.
Natasha shimmers violently.
Natasha closely misses you. Natasha claws you.
* * * LOW HITPOINT WARNING * * *
You are too injured to fight recklessly!
You are too injured to fight recklessly!
As you read the scroll labelled RISKITHR VAKH, it crumbles to dust.
The creatures around you are filled with an inner flame!
It was a scroll of immolation.
Natasha claws you.
You die...

############ ### .
#.....(....# ##.## .#
.........#.######.#.#### #
.. #.#..............#......
###.#.
#.#.###..#.####.#...####
...#. #.#.#
#..#.##........... ...
#.#.###..#......##.##.##
#.##.#.#.h..#.......#.##.#
#.........@.........#.##.##
#.##...†.<>...............#
#. ###.#.##.##.............
#. #.#.##.####..........#
$. ..#.# .# #..#......## ..
####.# .# #..##...#.# ...
#.# .# #<........# w.#
#.##...............
#######.###.##...


You could see Natasha (inner flame).

Vanquished Creatures
  2 endoplasms
  3 giant cockroaches
  3 goblins (D:1)
  5 hobgoblins
  3 jackals (D:1)
  2 quokkas
  3 bats
  4 frilled lizards
  2 kobolds (D:1)
  2 rats (D:1)
29 creatures vanquished.

Notes
Turn   | Place    | Note
-------+----------+-------------------------------------------
     0 | D:1      | retardedninja the Draconian Conjurer began the quest for
                  | the Orb.
     0 | D:1      | Reached XP level 1. HP: 14/14 MP: 3/3
   710 | D:1      | Reached XP level 2. HP: 20/20 MP: 3/5
  1003 | D:1      | Found a faded altar of an unknown god.
  1699 | D:2      | Reached XP level 3. HP: 20/26 MP: 4/6
  1845 | D:2      | Noticed Natasha
  1860 | D:2      | HP: 1/26 [Natasha (6)]
  1863 | D:2      | Slain by Natasha

Illustrated notes

Levels and vault maps discovered:
D:1:      elethiomel_arrival_maze, layout_basic,
          chequers_ecumenical_altar_simple_redux, minivault_14, minivault_26,
          minmay_close_crescents
D:2:      layout_loops_ring, basic_altar, uniq_natasha, uniq_jessica

Skill      XL: |  1  2 |
---------------+-------+-----
Stealth        | 2 |  2.1
Dodging        | 2 |  2.1
Spellcasting   | |  2.2
Conjurations   | |  4.2
Invocations    | |  0.6
Evocations     | |  0.8

Action                   || total
-------------------------++-------
Melee: Unarmed           ||     4
       Tailslap          ||     2
       Great mace        ||    14
 Cast: Magic Dart        ||    53
  Use: Potion            ||     2
       Scroll            ||     1
Armor: Skin              ||     8
Dodge: Dodged            ||    32

Table legend: (Time is in decaauts)
 A = Elapsed time spent in this place.
 B = Non-inter-level travel time spent in this place.
 C = Inter-level travel time spent in this place.
 D = Time resting spent in this place.
 E = Time spent auto-exploring this place.
 F = Levels seen in this place.
 G = Mean time per level.
                   A        B        C        D        E       F      G
               +--------+--------+--------+--------+--------+-----+--------+
         Total |   1879 |   1857 |     22 |    762 |    563 |   2 |  939.5 |
       Dungeon |   1879 |   1857 |     22 |    762 |    563 |   2 |  939.5 |
               +--------+--------+--------+--------+--------+-----+--------+

Top non-repeatable levels by time:
     D:1: 1625 daAuts
     D:2: 254 daAuts
